AoeStats
← danilevanchd

Pilgrims

508396677Analyzed
2v2 RM · 11d ago on Sep 22, 2026· 82m 53s· 4 players
Game mode
Random Map
Map size
Medium (4 player)
Population
200
Speed
Normal
Resources
Standard
Victory
Conquest
Starting age
Dark Age
Ending age
Imperial Age
RankedLock teamsTeams togetherTeam positionsShared explorationLock speedFull tech treeHidden civsTurbo modeCheats
Victory
Defeat
🇸🇪 Vietnamese · Sweden
979
+15
🇸🇪 Mongols · Sweden
973
+15
🇲🇽 Wu · Mexico
976
-15
🇺🇸 Bulgarians · United States
946
-15
JosephFasterconquer
3:37 Loom
6:53 Loom
10:29 Feudal Age
17:32 Castle Age
16:54 Scale Mail Armor
17:13 Horse Collar
19:28 Forging
19:42 Medium Warships
20:07 Fishing Lines
21:55 Fletching
22:05 Padded Archer Armor
24:22 Red Cliffs Tactics
27:54 Ballistics
28:22 Wheelbarrow
27:32 Town Watch
31:33 Hand Cart
33:28 Bodkin Arrow
37:53 Squires
37:38 Arson
40:14 Chain Mail Armor
40:35 Iron Casting
41:03 Gillnets
53:11 Imperial Age
54:31 Elite Fire Archer
57:38 Pikeman
60:11 Plate Mail Armor
60:42 Blast Furnace
62:11 Bracer
64:23 Caravan
67:23 Halberdier
76:09 Conscription
reflife32
10:25 Loom
12:11 Feudal Age
10:31 Loom
20:24 Castle Age
20:18 Horse Collar
20:53 Gambesons
22:46 Wheelbarrow
22:40 Forging
25:37 Heavy Plow
26:34 Double-Bit Axe
29:55 Squires
31:13 Hand Cart
32:44 Scale Barding Armor
33:16 Iron Casting
33:59 Husbandry
34:09 Bloodlines
37:16 Imperial Age
35:51 Chain Barding Armor
35:32 Scale Mail Armor
36:46 Stirrups
39:16 Elite Konnik
41:46 Plate Barding Armor
43:10 Blast Furnace
44:02 Gold Mining
44:48 Capped Ram
49:02 Caravan
51:03 Chain Mail Armor
51:03 Bagains
52:54 Plate Mail Armor
61:10 Arson
61:40 Fletching
63:42 Siege Ram
75:50 Bodkin Arrow
75:56 Padded Archer Armor
76:13 Elite Skirmisher
77:00 Bracer
78:04 Leather Archer Armor
78:45 Ballistics
81:28 Chemistry
danilevanchd
3:20 Loom
9:30 Feudal Age
15:13 Castle Age
13:17 Double-Bit Axe
13:41 Horse Collar
15:44 Stone Mining
17:42 Squires
17:52 Scale Mail Armor
19:58 Chain Mail Armor
22:56 Arson
26:14 Forging
26:36 Padded Archer Armor
31:22 Wheelbarrow
30:12 Elite Skirmisher
36:30 Imperial Age
34:46 Ballistics
34:43 Thumb Ring
36:37 Hand Cart
36:56 Leather Archer Armor
36:32 Fletching
38:23 Chemistry
38:12 Imperial Skirmisher
39:36 Ring Archer Armor
39:01 Bodkin Arrow
39:44 Iron Casting
41:03 Bracer
41:17 Fortified Wall
41:03 Murder Holes
41:14 Siege Engineers
41:31 Elite Fire Lancer
43:02 Town Watch
45:55 Town Patrol
48:33 Plate Mail Armor
51:07 Gold Mining
55:42 Bow Saw
55:40 Heavy Plow
58:40 Paper Money
58:33 Heavy Cavalry Archer
65:46 Heated Shot
65:49 Guard Tower
76:06 Crop Rotation
Levanch
3:44 Loom
10:14 Feudal Age
15:55 Castle Age
16:32 Fishing Lines
23:24 Crossbowman
24:14 Gold Mining
29:57 Elite Skirmisher
38:28 Thumb Ring
41:02 Padded Archer Armor
45:00 Wheelbarrow
45:08 Pikeman
49:41 Imperial Age
47:25 Squires
52:43 Hand Cart
59:46 Elite Mangudai
62:12 Leather Archer Armor
61:48 Fletching
61:55 Capped Ram
63:26 Drill
64:40 Siege Ram
69:52 Bodkin Arrow
70:08 Forging
71:05 Nomads
Connection lost

Rejoining the realm…

Still unreachable

The connection could not be restored.

Session expired

The server has moved on; the page needs a fresh start.